 Dungeon Crawl Stone Soup version 0.18-a0-5-gf1fb587 (webtiles) character file.

2561 Duffy the Cleaver (level 9, 0/79 HPs)
             Began as a Naga Berserker on Oct 31, 2015.
             Was a Priest of Trog.
             Slain by a troll (1 damage)
             ... on level 6 of the Dungeon.
             The game lasted 00:09:40 (6252 turns).

Duffy the Cleaver (Naga Berserker)                  Turns: 6252, Time: 00:09:40

Health: 0/79       AC: 11    Str: 26    XL:     9   Next: 56%
Magic:  9/9        EV: 10    Int:  8    God:    Trog [***...]
Gold:   214        SH:  0    Dex: 18    Spells: 0 memorised, 8 levels left

rFire  . . .     SeeInvis +     w - +0 battleaxe
rCold  . . .     Clarity  .     u - +0 plate armour
rNeg   . . .     SustAt   .     (no shield)
rPois  +         Gourm    .     (no helmet)
rElec  .         Spirit   .     E - +0 cloak
rCorr  .         Warding  .     k - +0 pair of gloves
rMut   .         Stasis   .     (no barding)
MR     +....                    (no amulet)
Stlth  ..........               h - +2 ring of strength
                                d - +4 ring of strength

@: agile, exhausted, short of breath, very slow, somewhat resistant to hostile
enchantments, extremely unstealthy
A: see invisible, deformed body, poison resistance, slowness 2, slow metabolism
1, spit poison 2, AC +3
a: Spit Poison, Berserk, Trog's Hand, Burn Spellbooks, Renounce Religion


You were on level 6 of the Dungeon.
You worshipped Trog.
Trog was most pleased with you.
You were hungry.

You visited 1 branch of the dungeon, and saw 6 of its levels.
You also visited: Sewer.

You collected 214 gold pieces.


Innate Abilities, Weirdness & Mutations

You cannot wear boots.
Your serpentine skin is tough (AC +3).
You have supernaturally acute eyesight.
Armour fits poorly on your strangely shaped body.
Your system is resistant to poisons.
You cover ground very slowly.
You have a slow metabolism.
You can spit poison.


   Skills:
 + Level 4.4 Fighting
 * Level 11.9 Axes
 + Level 3.0 Armour
 - Level 1.5 Dodging


You had 8 spell levels left.
You didn't know any spells.

Inventory:

Hand Weapons
 a - a +0 hand axe
 w - a +0 battleaxe (weapon)
Missiles
 j - 11 poisoned needles
 r - 5 tomahawks (quivered)
Armour
 b - a +0 animal skin
 g - a +0 ring mail
 k - a +0 pair of gloves (worn)
 u - a +0 plate armour (worn)
 E - a +0 cloak (worn)
Jewellery
 d - a +4 ring of strength (left hand)
 h - a +2 ring of strength (right hand)
Scrolls
 e - a scroll of random uselessness {unknown}
 f - 2 scrolls of fear
 l - a scroll of amnesia {unknown}
 m - 2 scrolls of teleportation
 n - 2 scrolls of fog {unknown}
 t - 2 scrolls of immolation {unknown}
 y - 4 scrolls of magic mapping
 B - a scroll of enchant weapon {unknown}
 F - a scroll of noise {unknown}
Potions
 i - 2 potions of agility
 q - a potion of mutation {unknown}
 s - a potion of ambrosia {unknown}
 v - 3 potions of flight {unknown}
 x - a potion of poison {unknown}
 A - a potion of haste {unknown}
 C - 2 potions of magic {unknown}
 D - a potion of might
Comestibles
 c - 3 bread rations
 o - 2 meat rations
 p - a slice of pizza

Dungeon Overview and Level Annotations

Branches:
Dungeon (6/15)             Temple (0/1) D:5

Altars:
Ashenzari
Dithmenos
Elyvilon
Makhleb
Sif Muna
Trog
Vehumet

Annotations:
D:3 Eustachio


Message History

A troll comes into view.
The troll shouts!
The troll bites you but does no damage. The troll claws you but does no damage.
The troll claws you but does no damage.
Okay, then.
Drink which item? (? for menu, Esc to quit)
You feel agile all of a sudden. The troll misses you.
The troll claws you but does no damage. The troll claws you!
The troll closely misses you. The troll claws you. The troll claws you.
The troll barely misses you. x2
The troll claws you!
Drink which item? (? for menu, Esc to quit)
You feel much better. The troll barely misses you. The troll barely misses you.
The troll claws you!
You slash the troll!
The troll is moderately wounded.
You feel yourself speed up. The troll bites you. The troll claws you.
The troll claws you but does no damage. The troll bites you!
The troll claws you. x2
Drink which item? (? for menu, Esc to quit)
You feel much better. The troll closely misses you. The troll claws you!
The troll claws you but does no damage.
Okay, then.
The troll bites you. The troll claws you but does no damage.
The troll claws you.
Press: ? - help, Shift-Dir - straight line, f - troll
Aim: a troll (lightly wounded)
The splash of poison hits the troll.
The troll is poisoned.
The troll is moderately wounded.
You feel slightly more hungry. The troll bites you but does no damage.
The troll barely misses you. The troll claws you. The troll bites you!
The troll claws you.
You die...

....+......###............
.#.##.......###...)###.#.
.#.##.......###....## .#
.#..................##.#
.####.......###.....(..#
.# #.......# ####.....# .#
######+## #.....# ##
########)##.#
#...T@......#
#.####.###### #.#........#
#.#....###.# .#
#.########.####..##
#..................
####....#.....#####
#..........+
###..........#


You could see a troll.

Action                   |  1- 3 |  4- 6 |  7- 9 || total
-------------------------+-------+-------+-------++-------
Melee: Hand axe          |    89 |    83 |       ||   172
       Battleaxe         |       |     5 |   271 ||   276
Invok: Berserk           |     1 |     2 |     9 ||    12
 Abil: Spit Poison       |    22 |     5 |     2 ||    29
  Use: Scroll            |       |       |     5 ||     5
       Potion            |       |       |     5 ||     5
  Eat: Chunk             |     3 |     5 |    15 ||    23
       Bread ration      |       |       |     1 ||     1

Notes
Turn   | Place    | Note
--------------------------------------------------------------
     0 | D:1      | Duffy the Naga Berserker began the quest for the Orb.
     0 | D:1      | Reached XP level 1. HP: 21/21 MP: 1/1
   235 | D:1      | Reached XP level 2. HP: 18/28 MP: 2/2
   923 | D:2      | Reached skill level 4 in Axes
   964 | D:2      | Reached XP level 3. HP: 32/34 MP: 3/3
  1167 | D:2      | Reached ** piety under Trog
  1628 | D:2      | Noticed Sigmund
  1644 | D:2      | Reached XP level 4. HP: 34/42 MP: 4/4
  1651 | D:2      | Killed Sigmund
  1651 | D:2      | Reached skill level 6 in Axes
  1651 | D:2      | Reached XP level 5. HP: 31/49 MP: 5/5
  1935 | D:2      | Reached XP level 6. HP: 49/56 MP: 6/6
  2254 | D:3      | Found a shattered altar of Ashenzari.
  2350 | D:3      | Reached skill level 7 in Axes
  2454 | D:3      | Noticed emiel's ghost (amateur FoGl)
  2500 | D:4      | Noticed wvc's ghost (amateur DrAK)
  2548 | D:4      | Noticed Eustachio
  2554 | D:5      | Entered Level 5 of the Dungeon
  2565 | D:5      | Found a staircase to the Ecumenical Temple.
  2580 | D:5      | Noticed emiel's ghost (amateur HuMo)
  2587 | D:5      | Killed emiel's ghost
  2587 | D:5      | Reached XP level 7. HP: 62/62 MP: 7/7
  2718 | D:5      | Found a glowing drain.
  2730 | D:5      | Reached *** piety under Trog
  2730 | D:5      | Reached skill level 8 in Axes
  2740 | Sewer    | Entered a sewer
  2750 | Sewer    | Noticed radek's ghost (amateur DECj)
  2780 | Sewer    | Killed radek's ghost
  3055 | Sewer    | Reached skill level 9 in Axes
  3333 | D:5      | Reached XP level 8. HP: 69/69 MP: 8/8
  3383 | D:5      | Found a deep blue altar of Sif Muna.
  3850 | D:3      | Killed emiel's ghost
  3850 | D:3      | Reached skill level 10 in Axes
  4249 | D:3      | Found a radiant altar of Vehumet.
  4337 | D:4      | Found a shattered altar of Ashenzari.
  4407 | D:4      | Noticed Goblin1989's ghost (amateur HOGl)
  4412 | D:4      | Killed Goblin1989's ghost
  4613 | D:4      | Killed wvc's ghost
  4613 | D:4      | Reached skill level 11 in Axes
  4913 | D:4      | Noticed Crazy Yiuf
  4921 | D:4      | Killed Crazy Yiuf
  5096 | D:5      | Reached XP level 9. HP: 60/76 MP: 9/9
  5238 | D:5      | Found a burning altar of Makhleb.
  5241 | D:5      | Found a shadowy altar of Dithmenos.
  5242 | D:5      | Noticed Blork the orc
  5250 | D:5      | Killed Blork the orc
  5250 | D:5      | Reached skill level 2 in Armour
  5287 | D:5      | Found a white marble altar of Elyvilon.
  5290 | D:5      | Found a bloodstained altar of Trog.
  5728 | D:6      | Found a white marble altar of Elyvilon.
  6044 | D:6      | Reached skill level 4 in Fighting
  6192 | D:6      | Noticed Goblin1989's ghost (novice HOGl)
  6222 | D:6      | Killed Goblin1989's ghost
  6222 | D:6      | Reached skill level 3 in Armour
  6252 | D:6      | Slain by a troll

Vault maps used:
D:1:      lemuel_arrival_river_passageway
D:2:      uniq_sigmund
D:3:      nicolae_overflow_hidden_temple, lemuel_round_altar
D:4:      first_bread, cheibrodos_ashenzari_chains, uniq_eustachio,
          uniq_crazy_yiuf_cottage
D:5:      grunt_temple_overflow_cloverleaf, minmay_temple_entry_large_hall,
          portal_sewer_entry_e, hangedman_abyss_or_decor_slice,
          minmay_fountain_box, led_sif_pool, uniq_blork_the_orc
D:6:      kennysheep_orc_sif_temple, fedhas_altar_4,
          gammafunk_temple_overflow_statue, basic_altar
Sewer:    sewer_co_15_rooms

Vanquished Creatures
  The ghost of Goblin1989 the Cleaver, a novice HOGl of Okawaru
  The ghost of wvc the Poker, an amateur DrAK of Lugonu Sigmund
  The ghost of Goblin1989 the Chopper, an amateur HOGl of Ashenzari
  The ghost of radek the Conjurer, an amateur DECj of Vehumet
  An ice beast
  An ogre
  The ghost of emiel the Insei, an amateur HuMo of Cheibriados
  5 centaurs
  2 big kobolds
  The ghost of emiel the Chopper, an amateur FoGl Blork the orc
  2 giant frogs
  A scorpion Crazy Yiuf
  An orc wizard
  2 hounds
  A worker ant
  A centaur skeleton
  An iguana
  A hound skeleton
  8 adders
  A river rat
  3 oozes
  5 worms
  2 giant geckos
  5 orcs
  8 ball pythons
  4 bats
  6 giant cockroaches
  7 goblins
  9 hobgoblins
  8 jackals
  A giant gecko zombie
  5 giant newts
  A jackal skeleton
  8 kobolds
  11 rats
  4 fungi
124 creatures vanquished.
